 Dungeon Crawl Stone Soup version 0.22-a0-179-gb5258fd (webtiles) character file.

739 Atlas the Chiller (level 7, -1/48 HPs)
             Began as a Barachi Ice Elementalist on Feb 14, 2018.
             Slain by Calypsia's ghost (10 damage)
             ... on level 5 of the Dungeon.
             The game lasted 00:09:42 (5109 turns).

Atlas the Chiller (Barachi Ice Elementalist)        Turns: 5109, Time: 00:09:42

Health: -1/48      AC:  4    Str: 11 (14) XL:     7   Next: 75%
Magic:  14/15      EV: 14    Int: 17 (20) God:
Gold:   158        SH:  0    Dex: 11 (12) Spells: 6/16 levels left

rFire    . . .     SeeInvis .   y - +0 morningstar
rCold    . . .     Gourm    .   (no shield)
rNeg     . . .     Faith    .   h - +0 leather armour
rPois    .         Spirit   .   (helmet restricted)
rElec    .         Reflect  .   (no cloak)
rCorr    .         Harm     .   (no gloves)
MR       .....                  z - +0 pair of boots
Stlth    +.........             (no amulet)
HPRegen  0.16/turn              (no ring)
MPRegen  0.14/turn              (no ring)

@: mighty, hasted, quick
A: +LOS, swims, beak, repulsion field 1, blurry vision 1, clever 1, slowness 1,
strong legs 1
a: Hop


You were on level 5 of the Dungeon.
You were not hungry.

You visited 1 branch of the dungeon, and saw 5 of its levels.

You collected 158 gold pieces.

Inventory:

Hand Weapons
 y - a +0 morningstar (weapon)
Armour
 h - a +0 leather armour (worn)
 w - a +0 helmet
 z - a +0 pair of boots (worn)
Wands
 p - a wand of digging (4)
 t - a wand of flame (21)
 v - a wand of scattershot (7)
Scrolls
 e - a scroll of noise {unknown}
 f - 2 scrolls of blinking {unknown}
 g - 2 scrolls of amnesia {unknown}
 k - 2 scrolls of identify
 m - 2 scrolls of random uselessness {unknown}
 n - 2 scrolls of teleportation {unknown}
 s - a scroll of remove curse {unknown}
 u - 2 scrolls of fear {unknown}
Potions
 a - 4 potions of curing
 i - 2 potions of brilliance
 r - a potion of agility
 B - a potion of flight {unknown}
Books
 b - a book of Frost

   Spells                             Type                      Level
   a - Freeze                         Ice                          1
   b - Throw Frost                    Conjuration/Ice              2
   c - Ozocubu's Armour               Charms/Ice                   3
   d - Throw Icicle                   Conjuration/Ice              4
   e - Summon Ice Beast               Ice/Summoning                4
 x - a book of Air

   Spells                             Type                      Level
   a - Shock                          Conjuration/Air              1
   b - Swiftness                      Charms/Air                   2
   c - Static Discharge               Conjuration/Air              3
   d - Airstrike                      Air                          4
   e - Lightning Bolt                 Conjuration/Air              5
Comestibles
 c - 7 rations


   Skills:
 + Level 1.4 Fighting
 + Level 1.6 Maces & Flails
 + Level 2.9 Armour
 + Level 3.5 Dodging
 - Level 1.7 Stealth
 + Level 0.2 Unarmed Combat
 + Level 5.4 Spellcasting
 + Level 1.1 Conjurations
 + Level 6.8 Ice Magic


You had 6 spell levels left.
You knew the following spells:

 Your Spells              Type           Power        Failure   Level  Hunger
a - Freeze                Ice            ####         1%          1    None
b - Throw Frost           Conj/Ice       ###...       4%          2    #......
c - Ozocubu's Armour      Chrm/Ice       ###.....     12%         3    ##.....
d - Throw Icicle          Conj/Ice       ###.....     32%         4    ####...


Dungeon Overview and Level Annotations

Branches:
Dungeon (5/15)
 Temple: D:4-7

Altars:
Makhleb
Nemelex Xobeh
Ru
Trog
Yredelemnul

Annotations:
D:5 Calypsia's ghost, novice OgFE


Innate Abilities, Weirdness & Mutations

Shadows flee at your approach. (+LOS)
You can swim through water.
You cover ground slowly.
You can hop short distances.
You have a beak for a mouth.
You are surrounded by a mild repulsion field. (EV +2)
Scrolls take you a little longer to read.
Your mind is acute. (Int +2)


Message History

You are electrocuted!
* * * LOW HITPOINT WARNING * * *
You completely miss Calypsia's ghost.
Calypsia's ghost is heavily damaged.
Calypsia's ghost misses you.
You sock Calypsia's ghost!
Calypsia's ghost is severely damaged.
Calypsia's ghost hits you but does no damage.
You feel much better. Calypsia's ghost closely misses you.
You closely miss Calypsia's ghost.
Calypsia's ghost is severely damaged.
Calypsia's ghost frowns in concentration.
Calypsia's ghost hits you!
You are electrocuted!
* * * LOW HITPOINT WARNING * * *
You sock Calypsia's ghost! Your peck misses Calypsia's ghost.
Calypsia's ghost is almost destroyed.
Calypsia's ghost hits you.
* * * LOW HITPOINT WARNING * * *
You are electrocuted!
You die...

##..###.<##.#.##..##....
##.......##.............#
...............##.........
.............#.##..#....##
#............#.##..#...)##
.............#.##.........
.........##..#.#..........
#.....##+##..#.#......##..
...............@......# ..
#............#.#W#..#.#
#.# .........###.#..#.####
# ......................
####.#..........#.####
.......##.......#
###..............#
.......##....#..#
................##.##


You could see Calypsia's ghost.

Vanquished Creatures
  Sigmund (D:3)
  An ogre (D:4)
  The ghost of Thalamas the Skirmisher, an amateur GrFi of Makhleb (D:3)
  A centaur zombie (D:5)
  A crimson imp (D:4)
  3 orc priests
  3 orc wizards (D:4)
  Jessica (D:3)
  A worker ant (D:4)
  A gnoll (D:1)
  3 adders
  2 oozes
  An adder skeleton (D:4)
  3 worms
  3 dart slugs (D:1)
  A leopard gecko (D:1)
  7 orcs
  5 giant cockroaches
  7 hobgoblins
  8 jackals
  6 kobolds
  3 quokkas
  3 ball pythons
  4 bats
  2 frilled lizards (D:1)
  5 goblins
  A jackal zombie (D:5)
  A quokka skeleton (D:5)
  A quokka zombie (D:5)
  9 rats
89 creatures vanquished.

Notes
Turn   | Place    | Note
-------+----------+-------------------------------------------
     0 | D:1      | Atlas the Barachi Ice Elementalist began the quest for the Orb.
     0 | D:1      | Reached XP level 1. HP: 13/13 MP: 3/3
    61 | D:1      | Reached skill level 4 in Ice Magic
   320 | D:1      | Reached XP level 2. HP: 19/19 MP: 3/5
   589 | D:1      | Reached XP level 3. HP: 3/24 MP: 2/6
  1189 | D:2      | Reached skill level 1 in Armour
  1189 | D:2      | Reached XP level 4. HP: 23/30 MP: 2/8
  1532 | D:2      | Found a basalt altar of Yredelemnul.
  1594 | D:2      | Found a burning altar of Makhleb.
  1598 | D:2      | Found a sacrificial altar of Ru.
  2256 | D:3      | Noticed Sigmund
  2279 | D:3      | Noticed Thalamas's ghost (amateur GrFi)
  2404 | D:3      | Found a sparkling altar of Nemelex Xobeh.
  2446 | D:3      | Noticed Jessica
  2455 | D:3      | Killed Jessica
  2455 | D:3      | Reached skill level 5 in Ice Magic
  2589 | D:3      | Killed Sigmund
  2589 | D:3      | Reached XP level 5. HP: 6/36 MP: 2/11
  2589 | D:3      | Reached XP level 6. HP: 7/42 MP: 2/12
  2805 | D:3      | Killed Thalamas's ghost
  2805 | D:3      | Reached skill level 6 in Ice Magic
  3732 | D:4      | Reached skill level 1 in Maces & Flails
  3732 | D:4      | Reached XP level 7. HP: 38/47 MP: 8/14
  3736 | D:4      | Learned a level 2 spell: Throw Frost
  3740 | D:4      | Learned a level 3 spell: Ozocubu's Armour
  3745 | D:4      | Learned a level 4 spell: Throw Icicle
  4028 | D:4      | Reached skill level 1 in Fighting
  4059 | D:4      | Found a bloodstained altar of Trog.
  4479 | D:5      | Entered Level 5 of the Dungeon
  4697 | D:5      | Reached skill level 5 in Spellcasting
  5082 | D:5      | Noticed Calypsia's ghost (novice OgFE)
  5094 | D:5      | Gained mutation: You have a beak for a mouth. [potion of mutation]
  5094 | D:5      | Gained mutation: You are surrounded by a mild repulsion field. (EV +2) [potion of mutation]
  5094 | D:5      | Gained mutation: Scrolls take you a little longer to read. [potion of mutation]
  5094 | D:5      | Gained mutation: Your mind is acute. (Int +2) [potion of mutation]
  5109 | D:5      | Slain by Calypsia's ghost

Vault maps used:
D:1:      mrwooster_arrival_statue, minmay_octomino_c4
D:2:      marbit_many_paths, minitemple, first_ration
D:3:      nemelex_xobeh_ov_fountains_minmay, uniq_sigmund, uniq_jessica
D:4:      lemuel_crystal_altar
D:5:      uniq_duvessa

Skill      XL: |  1  2  3  4  5  6  7 |
---------------+----------------------+-----
Ice Magic      | 4 5 6 |  6.8
Armour         | 1 2 |  2.9
Spellcasting   | 4 5 |  5.4
Maces & Flails | 1 |  1.6
Fighting       | 1 |  1.4
Dodging        | 3 |  3.5
Stealth        | |  1.7
Unarmed Combat | |  0.2
Conjurations   | |  1.1

Action                   |  1- 3 |  4- 6 |  7- 9 || total
-------------------------+-------+-------+-------++-------
Melee: Unarmed           |    34 |     1 |       ||    35
       Mace              |       |    28 |     6 ||    34
       Morningstar       |       |       |    59 ||    59
       Peck              |       |       |     2 ||     2
 Cast: Freeze            |    41 |    54 |    40 ||   135
       Throw Frost       |       |       |     2 ||     2
       Ozocubu's Armour  |       |       |     2 ||     2
 Abil: Hop               |     1 |       |       ||     1
  Use: Scroll            |       |     2 |       ||     2
       Potion            |       |     5 |     8 ||    13
 Stab: Sleeping          |       |     2 |     1 ||     3
  Eat: Chunk             |     1 |     8 |     6 ||    15
Armor: Robe              |     9 |       |       ||     9
       Leather armour    |     2 |     9 |    44 ||    55
Dodge: Dodged            |    45 |    49 |    76 ||   170

Table legend:
 A = Spawn XP
 B = Non-spawn XP
 C = Spawn XP percentage of total XP
 D = Spawn monster count
 E = Non-spawn monster count
 F = Spawn count percentage of total count
 G = Total turns spent on level
                    A         B        C        D         E        F      G
               +---------+---------+-------+---------+---------+-------+---------
         Total |       0 |    1057 |   0.0 |       0 |      89 |   0.0 |  5109
               +---------+---------+-------+---------+---------+-------+---------
           D:1 |       0 |      60 |   0.0 |       0 |      21 |   0.0 |  1071
           D:2 |       0 |      43 |   0.0 |       0 |      19 |   0.0 |  1282
           D:3 |       0 |     406 |   0.0 |       0 |      19 |   0.0 |  1255
           D:4 |       0 |     404 |   0.0 |       0 |      20 |   0.0 |  1172
           D:5 |       0 |     144 |   0.0 |       0 |      10 |   0.0 |   329
               +---------+---------+-------+---------+---------+-------+---------
